 Dungeon Crawl Stone Soup version 0.31-a0-1612-g4aaf141 (webtiles) character file.

Game seed: 4496936881273792636

28 PidgeyThePirate the Cutter (level 2, 0/24 HPs)
             Began as a Demonspawn Chaos Knight on Jan 9, 2024.
             Was a Plaything of Xom.
             Succumbed to a killer bee's poison
             ... on level 2 of the Dungeon.
             The game lasted 00:01:40 (738 turns).

PidgeyThePirate the Cutter (Demonspawn Chaos Knight) Turns: 738, Time: 00:01:41

Health: 0/24       AC:  5    Str: 12    XL:     2   Next: 96%
Magic:  2/2        EV: 11    Int: 12    God:    Xom [.*....]
Gold:   15         SH:  0    Dex: 12    Spells: 1/1 levels left

rFire   + . .        a - +0 short sword (chaos)
rCold   . . .        (no shield)
rNeg    . . .        b - +2 leather armour
rPois   .            (no helmet)
rElec   .            (no cloak)
rCorr   .            (no gloves)
SInv    .            (no boots)
Will    .....        i - amulet of the acrobat
Stlth   +            d - ring of protection from fire
HPRegen 0.24/turn    (no ring)
MPRegen 0.08/turn

%: acrobat
@: lethally poisoned (0 -> -10)
A: powered by death 1
a: Renounce Religion


You were on level 2 of the Dungeon.
You worshipped Xom.
You were a plaything of Xom.
You visited 1 branch of the dungeon, and saw 2 of its levels.

You collected 15 gold pieces.

Inventory:

Hand Weapons
 a - a +0 short sword of chaos (weapon)
Armour
 b - a +2 leather armour (worn)
Jewellery
 d - a ring of protection from fire (left hand)
 i - an amulet of the acrobat (around neck)
Scrolls
 c - a scroll of butterflies
 e - a scroll of vulnerability {unknown}
 g - 2 scrolls of identify {unknown}
 h - a scroll of teleportation {unknown}
 n - a scroll of fear {unknown}
 o - a scroll of enchant armour {unknown}
Potions
 j - a potion of mutation {unknown}
 k - a potion of magic {unknown}
 l - a potion of enlightenment {unknown}
 m - a potion of heal wounds {unknown}


   Skills:
 + Level 3.2 Fighting
 * Level 3.4 Short Blades
 + Level 2.0 Armour
 + Level 1.0 Dodging


You had one spell level left.
You didn't know any spells.
Your spell library was empty.

Dungeon Overview and Level Annotations

Branches:
Dungeon (2/15)

Altars:


Innate Abilities, Weirdness & Mutations

You regenerate a little health from kills.


Message History

The bat completely misses you.
You see here a scroll labelled ESIW KA MOL.
The bat completely misses you. The bat misses you.
You hit the bat.
You kill the bat!
n - a scroll labelled ESIW KA MOL
Found a spear.
o - a scroll labelled PIRGHO MEEDOINT
Found a robe.
Found a hand axe.
An adder comes into view.
The adder hisses angrily.
An adder is nearby!
The adder bites you but does no damage.
You hit the adder.
The adder evaporates and reforms as a killer bee!
The killer bee is moderately wounded.
The killer bee stings you.
You are poisoned.
The killer bee poisons you!
You barely miss the killer bee.
The killer bee is moderately wounded.
You feel sick. The killer bee completely misses you. The killer bee stings you.
You are lethally poisoned!
The killer bee poisons you!
You hit the killer bee.
The killer bee blinks!
The killer bee is severely wounded.
You feel very sick.
Found a stone staircase leading down.
You feel very sick. The killer bee completely misses you.
You hit the killer bee. You burn the killer bee.
The killer bee is almost dead.
You feel sick. The killer bee completely misses you. The killer bee stings you.
* * * LOW HITPOINT WARNING * * *
A shower of butterflies erupts from you!
It was a potion of cancellation.
You feel magically purged.
You die...
Xom snickers!

#############
#...........#
#.#########.######
#.....#..........#
#####.#.###.####.#######
#.#+###[# #.......).
#....##.# #..####...
#....##.#b#..#
####....##.#.b@.#
..........#.#.#yb#
######..).#.#.#.##
+......#.#.#
#......#.#..
+......#.###
###...##.#.#
.........#.#
##########.#.#


You could see a killer bee (ally target).

Vanquished Creatures
  2 dart slugs (D:1)
  2 ball pythons
  3 endoplasms (D:1)
  A goblin (D:1)
  3 hobgoblins (D:1)
  2 quokkas (D:1)
  3 bats
  A frilled lizard (D:2)
  3 kobolds (D:1)
  2 rats (D:1)
22 creatures vanquished.

Notes
Turn   | Place    | Note
-------+----------+-------------------------------------------
     0 | D:1      | PidgeyThePirate the Demonspawn Chaos Knight began the quest
                  | for the Orb.
     0 | D:1      | Reached XP level 1. HP: 18/18 MP: 1/1
     0 | D:1      | XOM: divination: detect creatures
   139 | D:1      | XOM: fake destruction
   154 | D:1      | XOM: butterfly on damage
   180 | D:1      | XOM: swap monsters
   196 | D:1      | Gained mutation: You regenerate a little health from kills.
                  | [demonic ancestry]
   196 | D:1      | Reached XP level 2. HP: 24/24 MP: 2/2
   414 | D:1      | Reached skill level 1 in Dodging
   733 | D:2      | an adder changed into a killer bee
   733 | D:2      | Noticed a killer bee
   737 | D:2      | XOM: butterfly on damage
   738 | D:2      | Succumbed to a killer bee's poison

Illustrated notes

Levels and vault maps discovered:
D:1:      minmay_arrival_widening_spiral_wide, layout_rooms
D:2:      layout_basic

Skill      XL: |  1  2 |
---------------+-------+-----
Short Blades   | 3 |  3.4
Dodging        | 1 |  1.0
Armour         | 2 |  2.0
Fighting       | |  3.2

Action                     || total
---------------------------++-------
  Melee: Short sword       ||    88
    Use: Potion            ||     1
 Armour: Leather armour    ||    52
  Dodge: Dodged            ||    87

Table legend: (Time is in decaauts)
 A = Elapsed time spent in this place.
 B = Non-inter-level travel time spent in this place.
 C = Inter-level travel time spent in this place.
 D = Time resting spent in this place.
 E = Time spent auto-exploring this place.
 F = Levels seen in this place.
 G = Mean time per level.
                   A        B        C        D        E       F      G
               +--------+--------+--------+--------+--------+-----+--------+
         Total |    724 |    709 |     15 |      0 |    499 |   2 |  362.0 |
       Dungeon |    724 |    709 |     15 |      0 |    499 |   2 |  362.0 |
               +--------+--------+--------+--------+--------+-----+--------+

Top non-repeatable levels by time:
     D:1: 623 daAuts
     D:2: 100 daAuts
